 Dungeon Crawl Stone Soup version 0.27-a0-323-gbd089401bb (webtiles) character file.

Game seed: 11880292750386965101

9 tabyourdongers the Sneak (level 2, -2/29 HPs)
             Began as a Troll Delver on Feb 10, 2021.
             Slain by a gnoll (4 damage)
             ... on level 7 of the Dungeon.
             The game lasted 00:00:07 (45 turns).

tabyourdongers the Sneak (Troll Delver)               Turns: 45, Time: 00:00:08

Health: -2/29      AC:  6    Str: 19    XL:     2   Next: 6%
Magic:  1/1        EV: 10    Int:  6    God:
Gold:   0          SH:  0    Dex: 11    Spells: 1/1 levels left

rFire    . . .     SeeInvis .     - Unarmed
rCold    . . .     Faith    .   (no shield)
rNeg     . . .     Spirit   .   a - +0 robe
rPois    .         Reflect  .   (helmet restricted)
rElec    .         Harm     .   (no cloak)
rCorr    .         Rampage  .   (gloves unavailable)
Will     .....                  (boots unavailable)
Stlth    ++........             (no amulet)
HPRegen  0.49/turn              (no ring)
MPRegen  0.07/turn              (no ring)

@: no status effects
A: large, unfitting armour, claws 3, regeneration 1, shaggy fur 1, tough skin 3
a: no special abilities


You were on level 7 of the Dungeon.
You visited 1 branch of the dungeon, and saw 3 of its levels.

Inventory:

Armour
 a - a +0 robe (worn)
Wands
 f - a wand of digging (3)
Scrolls
 b - a scroll of fog
 c - a scroll of magic mapping
 d - a scroll of fear
Potions
 e - a potion of haste


   Skills:
 + Level 2.5 Fighting
 + Level 1.5 Dodging
 + Level 3.0 Stealth
 + Level 2.0 Unarmed Combat


You had one spell level left.
You didn't know any spells.
Your spell library was empty.

Dungeon Overview and Level Annotations

Branches:
Dungeon (7/15)
 Temple: D:4-7

Altars:


Innate Abilities, Weirdness & Mutations

You are too large for most types of armour.
You have claws for hands.
Your natural rate of healing is unusually fast.
You are covered in fur. (AC +1)
You have extremely tough skin. (AC +3)


Message History

You are too injured to fight recklessly!
You are too injured to fight recklessly!
You are too injured to fight recklessly!
You are too injured to fight recklessly!
You are too injured to fight recklessly!
You are too injured to fight recklessly!
You are too injured to fight recklessly!
You are too injured to fight recklessly!
You are too injured to fight recklessly!
You are too injured to fight recklessly!
You are too injured to fight recklessly!
You are too injured to fight recklessly!
You are too injured to fight recklessly!
You are too injured to fight recklessly!
You are too injured to fight recklessly!
You are too injured to fight recklessly!
You are too injured to fight recklessly!
You are too injured to fight recklessly!
You are too injured to fight recklessly!
You are too injured to fight recklessly!
You claw the gnoll!
The gnoll is almost dead.
The gnoll hits you with a +0 whip!
* * * LOW HITPOINT WARNING * * *
You claw the gnoll!
You kill the gnoll!
Your Stealth skill increases to level 3!
You have reached level 2!
You barely miss the gnoll. The gnoll hits you but does no damage.
You scratch the gnoll.
The gnoll is heavily wounded.
The gnoll hits you.
* * * LOW HITPOINT WARNING * * *
You barely miss the gnoll.
The gnoll is heavily wounded.
The gnoll barely misses you.
You scratch the gnoll.
The gnoll is almost dead.
The gnoll hits you.
You die...

#.# #.# #.# ###
#.#
###.#######.#
#.#
..^.ggg@...#.#
#.#
<##..#####.##.#
#.# # #.#
#.#####<# #.#
##......#
#.###.#######
#.#####.##.##
........#.##
########.## ###


You could see a gnoll shaman and 2 gnolls.

Vanquished Creatures
  A gnoll (D:7)
1 creature vanquished.

Notes
Turn   | Place    | Note
-------+----------+-------------------------------------------
     0 | D:5      | tabyourdongers the Troll Delver began the quest for the
                  | Orb.
     0 | D:5      | Reached XP level 1. HP: 22/22 MP: 0/0
    36 | D:7      | Noticed a gnoll shaman
    40 | D:7      | HP: 1/22 [gnoll/+0 whip (10)]
    42 | D:7      | Reached skill level 3 in Stealth
    42 | D:7      | Reached XP level 2. HP: 1/29 MP: 1/1
    45 | D:7      | Slain by a gnoll

Illustrated notes

Levels and vault maps discovered:
D:5:      lemuel_insect_pit, layout_rooms, gammafunk_temple_overflow_arena,
          gammafunk_ghost_cemetery, uniq_blork_the_orc
D:6:      layout_basic, kennysheep_little_box, minmay_temple_entry_purple_smoke,
          uniq_duvessa, uniq_eustachio, uniq_maggie
D:7:      layout_loops_cross, dancing_weapons_uskayaw, nicolae_ru_awakened_eye

Skill      XL: |  1 |
---------------+----+-----
Stealth        | 3 |  3.0
Fighting       | |  2.5
Dodging        | |  1.5
Unarmed Combat | |  2.0

Action                   || total
-------------------------++-------
Melee: Unarmed           ||    10
Armor: Robe              ||     1
Dodge: Dodged            ||     3

Table legend: (Time is in decaauts)
 A = Elapsed time spent in this place.
 B = Non-inter-level travel time spent in this place.
 C = Inter-level travel time spent in this place.
 D = Time resting spent in this place.
 E = Time spent auto-exploring this place.
 F = Levels seen in this place.
 G = Mean time per level.
                   A        B        C        D        E       F      G
               +--------+--------+--------+--------+--------+-----+--------+
         Total |     44 |     37 |      7 |      0 |     22 |   3 |   14.7 |
       Dungeon |     44 |     37 |      7 |      0 |     22 |   3 |   14.7 |
               +--------+--------+--------+--------+--------+-----+--------+

Top non-repeatable levels by time:
     D:7: 28 daAuts
     D:6: 14 daAuts
     D:5: 1 daAuts
